 Dungeon Crawl Stone Soup version 0.30-a0-996-ga6910c8ee8 (webtiles) character file.

Game seed: 7552170388217199402

346 bjtr the Digger (level 6, -3/33 HPs)
             Began as a Gargoyle Earth Elementalist on Mar 27, 2023.
             Slain by Dowan
             ... wielding a +0 dagger
              (6 damage)
             ... on level 4 of the Dungeon on Apr 4, 2023.
             The game lasted 00:13:10 (3340 turns).

bjtr the Digger (Gargoyle Earth Elementalist)       Turns: 3340, Time: 00:13:11

Health: -3/33      AC:  9    Str: 11    XL:     6   Next: 59%
Magic:  1/11       EV: 11    Int: 18    God:
Gold:   226        SH:  0    Dex: 10    Spells: 1/11 levels left

rFire   . . .      SeeInvis .    f - +3 dagger (venom)
rCold   . . .      Faith    .    (no shield)
rNeg    + . .      Spirit   .    n - +0 leather armour
rPois   ∞          Reflect  .    i - +1 helmet
rElec   +          Rampage  .    (no cloak)
rCorr   .                        (no gloves)
Will    .....                    (no boots)
Stlth   ++                       (no amulet)
HPRegen 0.25/turn                (no ring)
MPRegen 0.12/turn                (no ring)

@: no status effects
A: sickness immunity, AC +4, negative energy resistance 1, electricity
resistance, torment resistance 1, petrification resistance
a: no special abilities


You were on level 4 of the Dungeon.
You visited 1 branch of the dungeon, and saw 4 of its levels.

You collected 226 gold pieces.

Inventory:

Hand Weapons
 f - a +3 dagger of venom (weapon)
 h - a +0 great sword
 k - a +0 spear
 l - a +0 mace
 q - a +0 flail of flaming
Missiles
 e - 4 poisoned darts
Armour
 a - a +0 robe
 i - a +1 helmet (worn)
 n - a +0 leather armour (worn)
Jewellery
 y - a ring of ice
Scrolls
 c - a scroll of magic mapping
 d - a scroll of fog
 g - 2 scrolls of amnesia
 j - a scroll of brand weapon
 t - 2 scrolls of enchant weapon
Potions
 b - a potion of magic
 m - a potion of mutation {unknown}
 p - a potion of brilliance
 u - a potion of haste
 x - 2 potions of attraction
 z - 2 potions of curing


   Skills:
 + Level 0.5 Fighting
 + Level 1.2 Armour
 + Level 2.1 Dodging
 + Level 2.6 Stealth
 + Level 3.3 Spellcasting
 + Level 0.2 Conjurations
 - Level 0.7 Transmutations
 * Level 7.0 Earth Magic


You had one spell level left.
You knew the following spells:

 Your Spells              Type           Power      Damage    Failure   Level
a - Sandblast             Erth           56%        2d13      1%          1
b - Passwall              Tmut/Erth      14%        N/A       6%          2
c - Stone Arrow           Conj/Erth      32%        3d9       14%         3
d - Petrify               Tmut/Erth      17%        N/A       38%         4

Your spell library contained the following spells:

 Spells                   Type           Power      Damage    Failure   Level
 Beastly Appendage        Tmut           10%        N/A       16%         1
 Wereblood                Tmut           5%         N/A       24%         2
 Spider Form              Tmut/Pois      4%         N/A       47%         3


Dungeon Overview and Level Annotations

Branches:
Dungeon (4/15)
 Temple: D:4-7

Altars:

Shops:
D:3 (

Annotations:
D:4 Dowan, Grinder


Innate Abilities, Weirdness & Mutations

You are immune to sickness and miasma.
Your stone body is resilient. (AC +4)
You are immune to poison.
You resist negative energy. (rN+)
You are resistant to electric shocks. (rElec)
You are resistant to unholy torment.
You are immune to petrification.


Message History

Dowan seems overcome with grief.
Dowan seems to find hidden reserves of power!
Dowan misses you.
Your Armour skill increases to level 1!
Your Earth Magic skill increases to level 7!
Unknown command.
Casting: Stone Arrow (quite dangerous; 14% risk of failure)
Confirm with . or Enter, or press ? or * to list all spells.
Aiming: Sandblast (safe; 1% risk of failure)
Press: ? - help, Shift-Dir - straight line, f - Dowan
Aim: Dowan, wielding a +0 dagger and wearing a +0 robe (fast, 76% to hit)
The blast of sand hits Dowan.
Dowan is lightly wounded.
Dowan casts a spell at you. The shard of ice hits you!
Dowan hits you but does no damage.
Casting: Sandblast (safe; 1% risk of failure)
Confirm with . or Enter, or press ? or * to list all spells.
You don't have enough magic to cast this spell.
Unknown command.
Casting: Sandblast (safe; 1% risk of failure)
Confirm with . or Enter, or press ? or * to list all spells.
Aiming: Sandblast (safe; 1% risk of failure)
Press: ? - help, Shift-Dir - straight line, f - Grinder, p - Dowan
Aim: Grinder (81% to hit)
The blast of sand misses Dowan.
The blast of sand hits Grinder.
Grinder is lightly wounded.
Dowan casts a spell.
Dowan blinks!
Grinder blinks!
The endoplasm hits you but does no damage.
Dowan barely misses you. Dowan casts a spell at you.
The shard of ice hits you!!
Ouch! That really hurt!
* * * LOW HITPOINT WARNING * * *
The air fills with toxic fumes!
As you read the scroll of poison, it crumbles to dust.
Dowan barely misses you.
The endoplasm hits you but does no damage.
Dowan hits you with a +0 dagger.
You die...

##....§§§.##§§#§.§#......^...
#.....§§§####§§##§##.###.....
#..#..##§§§§#§§#§§##§##......
###.#..§§§§§§§§§§§§§§§#...#...
##..##.†§§§§§§§§§§§§§......#...
#....)..§§§§§§§§§§§5...#....#..
##...#....#§§§..5#.....*,,,<#..
#####...##§§§Je§#.....*,,,,***
#..###§§§@§##,,,,.,,,,**
##..##§§§§§#,,**,,,,***
#..##§§§####,,,,,,,**
*#..§§§§## ****,,*** #...§§#§#
*,** ##..§#### *** ##.## ###


You could see Grinder, Dowan (fast) and an endoplasm.

Vanquished Creatures
  Duvessa (D:4)
  An ice beast (D:4)
  An iguana (D:4)
  A hound (D:4)
  4 adders
  4 orcs (D:3)
  5 ball pythons
  8 bats
  4 endoplasms
  2 giant cockroaches (D:1)
  8 hobgoblins
  4 jackals (D:4)
  3 quokkas
  2 frilled lizards (D:2)
  9 goblins
  6 kobolds
  7 rats
70 creatures vanquished.

Notes
Turn   | Place    | Note
-------+----------+-------------------------------------------
     0 | D:1      | bjtr the Gargoyle Earth Elementalist began the quest for
                  | the Orb.
     0 | D:1      | Reached XP level 1. HP: 10/10 MP: 3/3
   145 | D:1      | Reached skill level 4 in Earth Magic
   202 | D:1      | Reached XP level 2. HP: 15/15 MP: 3/5
   205 | D:1      | Learned a level 2 spell: Passwall
   840 | D:1      | Reached XP level 3. HP: 19/19 MP: 2/6
  1200 | D:2      | Upgraded the game from 0.30-a0-948-g4fa250aae5 to
                  | 0.30-a0-996-ga6910c8ee8
  1320 | D:2      | Reached skill level 5 in Earth Magic
  1656 | D:2      | You fall into a shaft and drop 1 floor!
  1721 | D:3      | Reached XP level 4. HP: 24/24 MP: 5/7
  1935 | D:3      | Found Silae's Weapon Shop.
  2128 | D:3      | Learned a level 3 spell: Stone Arrow
  2636 | D:4      | Noticed an ice beast
  2639 | D:4      | Reached skill level 6 in Earth Magic
  2639 | D:4      | Reached XP level 5. HP: 22/28 MP: 5/8
  2642 | D:4      | Killed an ice beast
  3085 | D:4      | Reached XP level 6. HP: 26/33 MP: 8/10
  3133 | D:4      | Learned a level 4 spell: Petrify
  3241 | D:4      | Noticed Duvessa
  3332 | D:4      | Noticed Dowan
  3334 | D:4      | Noticed Grinder
  3335 | D:4      | Killed Duvessa
  3336 | D:4      | Reached skill level 1 in Armour
  3336 | D:4      | Reached skill level 7 in Earth Magic
  3340 | D:4      | Slain by Dowan

Illustrated notes

Levels and vault maps discovered:
D:1:      dpeg_arrival_morbid_curiosity, layout_loops_ring
D:2:      layout_basic
D:3:      layout_basic, serial_shops, nicolae_shop_bloodbath_and_beyond
D:4:      layout_cave_pools, uniq_duvessa, uniq_grinder

Skill      XL: |  1  2  3  4  5  6 |
---------------+-------------------+-----
Earth Magic    | 4 5 6 7 |  7.0
Dodging        | 2 |  2.1
Spellcasting   | 3 |  3.3
Armour         | 1 |  1.2
Fighting       | |  0.5
Stealth        | |  2.6
Conjurations   | |  0.2
Transmutations | |  0.7

Action                     |  1- 3 |  4- 6 || total
---------------------------+-------+-------++-------
  Melee: Dagger            |    16 |    31 ||    47
   Cast: Sandblast         |    45 |    32 ||    77
         Stone Arrow       |       |     2 ||     2
    Use: Scroll            |       |    15 ||    15
   Stab: Sleeping          |     1 |       ||     1
 Armour: Robe              |     7 |       ||     7
         Leather armour    |    10 |    22 ||    32
  Dodge: Dodged            |    18 |    26 ||    44

Table legend: (Time is in decaauts)
 A = Elapsed time spent in this place.
 B = Non-inter-level travel time spent in this place.
 C = Inter-level travel time spent in this place.
 D = Time resting spent in this place.
 E = Time spent auto-exploring this place.
 F = Levels seen in this place.
 G = Mean time per level.
                   A        B        C        D        E       F      G
               +--------+--------+--------+--------+--------+-----+--------+
         Total |   3378 |   3288 |     90 |    638 |   1981 |   4 |  844.5 |
       Dungeon |   3378 |   3288 |     90 |    638 |   1981 |   4 |  844.5 |
               +--------+--------+--------+--------+--------+-----+--------+

Top non-repeatable levels by time:
     D:1: 1151 daAuts
     D:3: 796 daAuts
     D:4: 729 daAuts
     D:2: 701 daAuts
